 Dungeon Crawl Stone Soup version 0.21.1-1-g345015f (webtiles) character file.

32282 Glalom the Bludgeoner (level 13, -9/118 HPs)
             Began as a Minotaur Berserker on July 6, 2018.
             Was a High Priest of Trog.
             Mangled by a death yak (15 damage)
             ... on level 6 of the Lair of Beasts.
             The game lasted 00:45:36 (16738 turns).

Glalom the Bludgeoner (Minotaur Berserker)         Turns: 16738, Time: 00:45:37

Health: -9/118     AC: 17    Str: 21    XL:     13   Next: 30%
Magic:  0/6        EV: 19    Int:  4    God:    Trog [*****.]
Gold:   1048       SH:  0    Dex: 20    Spells: 12/12 levels left

rFire    . . .     SeeInvis .   p - +3 dire flail (antimagic)
rCold    . . .     Gourm    .   (shield currently unavailable)
rNeg     . . .     Faith    .   P - +1 ring mail of Rationality {Dex+4 Slay+3} (curse)
rPois    .         Spirit   +   (helmet restricted)
rElec    .         Reflect  .   N - scarf {repulsion}
rCorr    .         Harm     .   r - +0 pair of gloves
MR       ++...                  T - +1 pair of boots
Stlth    +.........             u - amulet of guardian spirit
HPRegen  1.29/turn              y - +5 ring of protection
MPRegen  0.10/turn              H - +3 ring of slaying

@: berserk cooldown, regenerating, repel missiles
A: retaliatory headbutt, horns 2
a: Berserk, Trog's Hand, Brothers in Arms, Burn Spellbooks, Renounce Religion


You were on level 6 of the Lair of Beasts.
You worshipped Trog.
Trog was extremely pleased with you.
You were not hungry.

You visited 2 branches of the dungeon, and saw 17 of its levels.
You also visited: Ice Cave.

You collected 1048 gold pieces.

Inventory:

Hand Weapons
 a - a +2 great mace of draining
 b - a +0 blowgun
 p - a +3 antimagic dire flail (weapon)
Missiles
 e - 4 curare-tipped needles
Armour
 r - a +0 pair of gloves (worn)
 N - a scarf of repulsion (worn)
 P - the cursed +1 ring mail of Rationality (worn) {Dex+4 Slay+3}
   (You found it on level 1 of the Lair of Beasts)

   It affects your dexterity (+4).
   It affects your accuracy and damage with ranged weapons and melee attacks
   (+3).
   It has a curse placed upon it.
 Q - a +1 chain mail of fire resistance
 T - a +1 pair of boots (worn)
Jewellery
 u - an amulet of guardian spirit (around neck)
 y - a +5 ring of protection (left hand)
 H - a +3 ring of slaying (right hand)
Wands
 x - a wand of scattershot (13)
 D - a wand of flame (94)
 E - a wand of digging (16)
 Y - a wand of disintegration (10)
Scrolls
 d - 6 scrolls of enchant weapon
 h - 2 scrolls of blinking
 j - 4 scrolls of enchant armour
 n - 3 scrolls of fear
 o - 12 scrolls of teleportation
 v - 2 scrolls of identify
 w - 2 scrolls of magic mapping
 z - 5 scrolls of remove curse
 C - a scroll of fog
 F - 3 scrolls of holy word {unknown}
Potions
 f - 2 potions of might
 g - 8 potions of curing
 k - 5 potions of invisibility {unknown}
 l - a potion of agility {unknown}
 m - a potion of degeneration {unknown}
 q - 3 potions of lignification
 s - a potion of flight {unknown}
 t - 3 potions of brilliance {unknown}
 A - 5 potions of mutation {unknown}
 B - a potion of haste {unknown}
 G - 3 potions of heal wounds {unknown}
 U - a potion of resistance {unknown}
Miscellaneous
 R - a fan of gales
Comestibles
 c - 21 rations


   Skills:
 - Level 12.0 Fighting
 + Level 15.3 Maces & Flails
   Level 4.1 Crossbows
 - Level 10.0 Armour
 + Level 10.4 Dodging
 + Level 9.1 Evocations


You had 12 spell levels left.
You didn't know any spells.

Dungeon Overview and Level Annotations

Branches:
Dungeon (11/15)            Temple (0/1) D:4            Lair (6/6) D:11
 Shoals (0/4) Lair:3       Spider (0/4) Lair:2          Orc (0/2) D:11
  Slime: Lair:5-6

Altars:
Cheibriados
Elyvilon
Fedhas
Gozag
Hepliaklqana
Kikubaaqudgha
Qazlal
Ru
Sif Muna
Trog
Uskayaw
Vehumet
Yredelemnul

Shops:
D:5 (   D:7 :

Annotations:
Lair:5 exclusion: 2 oklob plants


Innate Abilities, Weirdness & Mutations

You reflexively headbutt those who attack you in melee.
You have a pair of horns on your head.


Message History

The death yak gores you.
* * * LOW HITPOINT WARNING * * *
You puncture the blink frog!
The blink frog's magic leaks into the air.
You kill the blink frog!
Trog accepts your kill. The death yak barely misses you.
You furiously retaliate!
You headbutt the death yak, but do no damage.
The blink frog blinks!
The blink frog barely misses you. You furiously retaliate!
You headbutt the blink frog.
You see here a blink frog corpse.
You feel yourself speed up. The blink frog completely misses you.
The blink frog closely misses you. The blink frog misses you.
The blink frog barely misses you. You furiously retaliate!
You headbutt the blink frog! The death yak gores you!!
* * * LOW HITPOINT WARNING * * *
The blink frog hits you!
* * * LOW HITPOINT WARNING * * *
The death yak gores you!
You die...

....... #.#....
P....... ..⌠.#....
...P.#.... ###....##..
.P.......P##........#
.........##.........#
.P.......#...(.......
.......#....#.F..#
.......#†††#.Y.F.#
.......#.†####@F.#
P....P.†..†.#.....#
......†<.⌠#....⌠.....⌠
.....F#..§#.#.....#.#.
......##..####...## ..
....F ....# #.⌠.# .
..... ......##...#
.... ............ .?..
...[##....


You could see a death yak and 3 blink frogs.

Vanquished Creatures
  6 hydras
  2 two-headed ogres
  A death yak (Lair:6)
  Nergalle (D:11)
  The ghost of aimeelou the Fighter, a novice BaFi of Ru (D:7)
  An unseen horror (D:11)
  2 ugly things
  A manticore (Lair:3)
  A black mamba (Lair:1)
  6 elephants
  The ghost of CrazyArbalest the Bolt Thrower, a novice MiHu of Okawaru (D:6)
  3 spiny frogs
  A rime drake (Lair:2)
  6 komodo dragons
  A troll (D:11)
  9 blink frogs
  The ghost of lotte the Magician, an amateur DEEE (D:5)
  6 hippogriffs
  A shadow (D:11)
  Sigmund (D:3)
  2 basilisks
  A wyvern (Lair:5)
  24 yaks
  2 hungry ghosts
  12 water moccasins
  6 porcupines
  8 orc warriors
  11 ice beasts
  2 phantoms
  4 sky beasts
  2 eyes of draining (D:8)
  6 centaurs
  8 ogres
  10 crocodiles
  4 big kobolds
  12 bullfrogs
  6 scorpions
  8 killer bees
  8 wights
  A howler monkey (D:6)
  4 crimson imps
  A bullfrog zombie (D:11)
  A quasit (D:10)
  6 orc priests
  8 hounds
  4 jellies
  A bullfrog skeleton (D:11)
  2 centaur skeletons
  8 iguanas
  Terence (D:3)
  6 orc wizards
  4 worker ants
  A killer bee zombie (D:6)
  A hound zombie (D:6)
  A hound skeleton (D:7)
  Robin (D:3)
  A worker ant zombie (D:6)
  A gnoll (D:1)
  8 adders
  3 shadow imps
  2 adder skeletons
  4 worms
  A dart slug (D:1)
  2 leopard geckos (D:2)
  50 orcs
  6 bats
  4 bat skeletons (D:6)
  A bat zombie (D:6)
  4 giant cockroaches
  20 goblins
  4 hobgoblins
  9 jackals
  2 quokkas (D:7)
  2 frilled lizards (D:1)
  19 kobolds
  A leopard gecko zombie (D:6)
  9 rats
392 creatures vanquished.

Vanquished Creatures (collateral kills)
  A death yak (Lair:6)
  2 yaks (Lair:6)
3 creatures vanquished.

Vanquished Creatures (others)
  An ogre (D:7)
  An orc wizard (D:7)
  A leopard gecko (D:7)
  3 orcs (D:7)
  4 fungi
10 creatures vanquished.

Grand Total: 405 creatures vanquished

Notes
Turn   | Place    | Note
-------+----------+-------------------------------------------
     0 | D:1      | Glalom the Minotaur Berserker began the quest for the Orb.
     0 | D:1      | Reached XP level 1. HP: 19/19 MP: 0/0
    10 | D:1      | Reached skill level 4 in Maces & Flails
    10 | D:1      | Reached XP level 2. HP: 17/26 MP: 1/1
   664 | D:1      | Reached skill level 5 in Maces & Flails
   762 | D:1      | Reached XP level 3. HP: 31/31 MP: 2/2
  1072 | D:1      | Reached ** piety under Trog
  1527 | D:2      | Found a white marble altar of Elyvilon.
  1628 | D:2      | Found a hazy altar of Hepliaklqana.
  2111 | D:3      | Found an opulent altar of Gozag.
  2119 | D:3      | Reached skill level 6 in Maces & Flails
  2119 | D:3      | Reached XP level 4. HP: 37/39 MP: 3/3
  2121 | D:3      | Noticed Sigmund
  2128 | D:3      | Killed Sigmund
  2128 | D:3      | Reached skill level 7 in Maces & Flails
  2128 | D:3      | Reached XP level 5. HP: 45/45 MP: 2/4
  2183 | D:3      | Found a basalt altar of Yredelemnul.
  2228 | D:3      | Found a deep blue altar of Sif Muna.
  2232 | D:3      | Reached skill level 8 in Maces & Flails
  2232 | D:3      | Reached XP level 6. HP: 51/51 MP: 5/5
  2237 | D:3      | Noticed Terence
  2251 | D:3      | Killed Terence
  2265 | D:3      | Found a sacrificial altar of Ru.
  2326 | D:3      | Noticed Robin
  2337 | D:3      | Killed Robin
  2339 | D:3      | Reached *** piety under Trog
  2968 | D:4      | Found a staircase to the Ecumenical Temple.
  3147 | D:4      | Reached skill level 9 in Maces & Flails
  3188 | D:4      | Reached XP level 7. HP: 57/57 MP: 4/6
  3242 | D:4      | Reached skill level 10 in Maces & Flails
  3369 | D:4      | Found a hide-covered altar of Uskayaw.
  3372 | D:4      | Noticed a dagger
  3372 | D:4      | Noticed a dagger
  3826 | D:5      | Entered Level 5 of the Dungeon
  3913 | D:5      | Reached skill level 11 in Maces & Flails
  3953 | D:5      | Reached XP level 8. HP: 35/66 MP: 7/7
  3981 | D:5      | Noticed lotte's ghost (amateur DEEE)
  4458 | D:5      | Found a radiant altar of Vehumet.
  4592 | D:5      | Found Asytene's Weapon Boutique.
  4616 | D:5      | Reached skill level 5 in Fighting
  4624 | D:5      | Reached skill level 12 in Maces & Flails
  4690 | D:5      | Killed lotte's ghost
  5012 | D:6      | Noticed CrazyArbalest's ghost (novice MiHu)
  5019 | D:6      | Killed CrazyArbalest's ghost
  5019 | D:6      | Reached **** piety under Trog
  5019 | D:6      | Reached skill level 13 in Maces & Flails
  5019 | D:6      | Reached XP level 9. HP: 78/78 MP: 6/8
  6252 | D:6      | Found an ancient bone altar of Kikubaaqudgha.
  6585 | D:7      | Noticed a two-headed ogre
  6607 | D:7      | Killed a two-headed ogre
  6607 | D:7      | Reached skill level 14 in Maces & Flails
  6616 | D:7      | Reached skill level 5 in Armour
  6616 | D:7      | Reached XP level 10. HP: 42/88 MP: 5/9
  6858 | D:7      | Noticed aimeelou's ghost (novice BaFi)
  6868 | D:7      | Killed aimeelou's ghost
  6868 | D:7      | Reached ***** piety under Trog
  6868 | D:7      | Reached skill level 5 in Dodging
  6895 | D:7      | Got a smoking hunting sling
  6911 | D:7      | Identified the +4 hunting sling "Uticsaul" {freeze, Str-5 Int+9} (You took it off a wight on level 7 of the Dungeon)
  6941 | D:7      | Received a gift from Trog
  6947 | D:7      | Identified Nepnacva's Volume of the Dusty Escort
  7099 | D:7      | Reached skill level 1 in Crossbows
  7099 | D:7      | Reached skill level 1 in Evocations
  7466 | D:7      | Found Eciemuq's Book Shop.
  7495 | D:7      | Found a blossoming altar of Fedhas.
  7495 | D:7      | Found a stormy altar of Qazlal.
  8514 | D:8      | Found a bloodstained altar of Trog.
  8592 | D:8      | Found a snail-covered altar of Cheibriados.
  9416 | D:9      | Reached XP level 11. HP: 97/97 MP: 10/12
  9914 | D:10     | Entered Level 10 of the Dungeon
 10100 | D:10     | Noticed a two-headed ogre
 10109 | D:10     | Killed a two-headed ogre
 10729 | D:11     | Found a staircase to the Lair.
 10747 | D:11     | Reached skill level 10 in Fighting
 11076 | D:11     | Reached skill level 5 in Evocations
 11147 | D:11     | Found a staircase to the Orcish Mines.
 11296 | D:11     | Noticed an eight-headed hydra
 11304 | D:11     | Killed an eight-headed hydra
 11405 | D:11     | Reached skill level 10 in Armour
 11432 | D:11     | Noticed a purple ugly thing
 11441 | D:11     | Killed a purple ugly thing
 11475 | D:11     | Killed an unseen horror
 11506 | D:11     | Noticed Nergalle
 11522 | D:11     | Killed Nergalle
 11923 | Lair:1   | Entered Level 1 of the Lair of Beasts
 11965 | Lair:1   | Reached XP level 12. HP: 102/110 MP: 15/15
 11980 | Lair:1   | Noticed an eight-headed hydra
 11987 | Lair:1   | Killed an eight-headed hydra
 12052 | Lair:1   | Found a frozen archway.
 12055 | Lair:1   | Noticed a four-headed hydra
 12063 | Lair:1   | Killed a four-headed hydra
 12124 | IceCv    | Entered an ice cave
 12137 | IceCv    | Received a gift from Trog
 12546 | Lair:1   | Got a brightly glowing ring mail
 12550 | Lair:1   | Identified the cursed +1 ring mail of Rationality {Dex+4 Slay+3} (You found it on level 1 of the Lair of Beasts)
 13357 | Lair:2   | Noticed a seven-headed hydra
 13365 | Lair:2   | Killed a seven-headed hydra
 13859 | Lair:2   | Found a hole to the Spider Nest.
 14180 | Lair:3   | Noticed an eight-headed hydra
 14184 | Lair:3   | Killed an eight-headed hydra
 14387 | Lair:3   | Found a staircase to the Shoals.
 14910 | Lair:4   | Noticed a six-headed hydra
 14915 | Lair:4   | Killed a six-headed hydra
 15610 | Lair:5   | Reached XP level 13. HP: 78/118 MP: 13/18
 15725 | Lair:5   | Received a gift from Trog
 15725 | Lair:5   | Reached skill level 15 in Maces & Flails
 16679 | Lair:6   | Entered Level 6 of the Lair of Beasts
 16681 | Lair:6   | Reached skill level 10 in Dodging
 16738 | Lair:6   | Mangled by a death yak

Skill      XL: |  1  2  3  4  5  6  7  8  9 10 11 12 13 |
---------------+----------------------------------------+-----
Maces & Flails | 4 5 6 7 8 9 11 13 14 15 | 15.3
Fighting       | 4 6 8 9 11 12 | 12.0
Armour         | 5 8 10 | 10.0
Dodging        | 4 6 9 10 | 10.4
Crossbows      | 3 4 |  4.1
Evocations     | 3 6 8 9 |  9.1

Action                   |  1- 3 |  4- 6 |  7- 9 | 10-12 | 13-15 || total
-------------------------+-------+-------+-------+-------+-------++-------
Melee: Mace              |    85 |    55 |     2 |       |       ||   142
       Headbutt          |     8 |    17 |    55 |   154 |    23 ||   257
       Flail             |       |       |   253 |   465 |       ||   718
       Great mace        |       |       |       |   121 |    17 ||   138
       Dire flail        |       |       |       |       |    49 ||    49
 Fire: Hunting sling     |       |     3 |       |       |       ||     3
       Arbalest          |       |       |       |     2 |       ||     2
Throw: Stone             |       |       |       |     9 |       ||     9
Invok: Berserk           |     1 |     5 |     3 |    13 |     1 ||    23
       Burn Spellbooks   |       |       |       |     2 |       ||     2
       Trog's Hand       |       |       |       |       |     1 ||     1
       Brothers in Arms  |       |       |       |       |     1 ||     1
Evoke: Wand              |       |       |       |     2 |       ||     2
  Use: Scroll            |     3 |     4 |     1 |    21 |       ||    29
 Stab: Sleeping          |     1 |       |       |       |       ||     1
  Eat: Chunk             |     4 |     4 |    11 |    28 |     3 ||    50
       Ration            |       |     1 |     1 |     4 |     1 ||     7
Armor: Animal skin       |     4 |       |       |       |       ||     4
       Ring mail         |    19 |     4 |       |    46 |    18 ||    87
       Leather armour    |     3 |       |       |       |       ||     3
       Chain mail        |       |     5 |   124 |   281 |       ||   410
       Skin              |       |     1 |       |       |       ||     1
       Scale mail        |       |       |       |    10 |       ||    10
Dodge: Dodged            |    52 |    30 |    90 |   319 |    67 ||   558
       Deflected         |       |       |       |     4 |       ||     4
